 Dungeon Crawl Stone Soup version 0.23-a0-677-g07611c5 (webtiles) character file.

1687 galech the Chopper (level 8, -3/62 HPs)
             Began as a Demonspawn Fighter on Jan 9, 2019.
             Was a Follower of Okawaru.
             Slain by a hippogriff (6 damage)
             ... on level 7 of the Dungeon.
             The game lasted 00:06:59 (5588 turns).

galech the Chopper (Demonspawn Fighter)             Turns: 5588, Time: 00:07:01

Health: -3/62      AC: 17    Str: 16    XL:     8   Next: 71%
Magic:  6/8        EV: 12    Int: 10    God:    Okawaru [*.....]
Gold:   245        SH: 12    Dex: 15    Spells: 7/7 levels left

rFire    . . .     SeeInvis .   a - +0 war axe
rCold    + . .     Gourm    .   c - +0 shield
rNeg     . . .     Faith    .   p - +0 chain mail
rPois    .         Spirit   .   t - +2 helmet
rElec    .         Reflect  .   g - +1 cloak
rCorr    .         Harm     .   (no gloves)
MR       +....                  (no boots)
Stlth    +.........             u - amulet "Gini" {Acrobat rC+ MR+ Stlth+}
HPRegen  0.20/turn              s - +3 ring of evasion
MPRegen  0.11/turn              (no ring)

@: heroism
A: hooves 2, powered by death 1
a: Heroism, Renounce Religion


You were on level 7 of the Dungeon.
You worshipped Okawaru.
Okawaru was aware of your devotion.
You were not hungry.

You visited 2 branches of the dungeon, and saw 8 of its levels.

You collected 245 gold pieces.

Inventory:

Hand Weapons
 a - a +0 war axe (weapon)
Armour
 b - a +1 robe of cold resistance
 c - a +0 shield (worn)
 g - a +1 cloak (worn)
 p - a +0 chain mail (worn)
 t - a +2 helmet (worn)
Jewellery
 s - a +3 ring of evasion (left hand)
 u - the amulet "Gini" (around neck) {Acrobat rC+ MR+ Stlth+}
   (You found it on level 4 of the Dungeon)

   [amulet of the acrobat]

   It helps you evade while moving and waiting.
   It protects you from cold.
   It affects your resistance to hostile enchantments.
   It makes you more stealthy.
Scrolls
 e - 3 scrolls of blinking
 j - 7 scrolls of teleportation
 l - a scroll of magic mapping
 q - a scroll of noise {unknown}
 r - 3 scrolls of amnesia
 v - 4 scrolls of remove curse
 y - a scroll of random uselessness {unknown}
 C - a scroll of identify
Potions
 d - 2 potions of might
 h - 2 potions of brilliance {unknown}
 i - 3 potions of curing {unknown}
 k - 2 potions of resistance {unknown}
 m - 3 potions of cancellation {unknown}
 n - 3 potions of degeneration {unknown}
 o - a potion of heal wounds {unknown}
 w - a potion of lignification {unknown}
 x - a potion of agility {unknown}
 z - 2 potions of flight {unknown}
 A - a potion of mutation {unknown}
Comestibles
 f - 15 rations
 B - a chunk of flesh


   Skills:
 + Level 5.0(10.0) Fighting
 + Level 7.0(12.0) Axes
 + Level 5.4(10.4) Armour
 + Level 1.4(6.4) Dodging
 + Level 0.3(5.3) Stealth
 + Level 5.0(10.0) Shields


You had 7 spell levels left.
You didn't know any spells.
Your spell library was empty.

Dungeon Overview and Level Annotations

Branches:
Dungeon (7/15)             Temple (1/1) D:5

Altars:
Ashenzari
Cheibriados
Kikubaaqudgha
Makhleb
Nemelex Xobeh
Okawaru
Qazlal
Ru
Trog
Wu Jian
Xom


Innate Abilities, Weirdness & Mutations

You have hoof-like feet.
You regenerate a little health from kills.


Message History

You are too injured to fight recklessly!
You are too injured to fight recklessly!
You are too injured to fight recklessly!
You are too injured to fight recklessly!
You are too injured to fight recklessly!
You are too injured to fight recklessly!
You are too injured to fight recklessly!
You are too injured to fight recklessly!
You are too injured to fight recklessly!
You fail to use your ability.
You block the ogre's attack.
You gain the combat prowess of a mighty hero.
The hippogriff bites you but does no damage.
The hippogriff barely misses you. You block the hippogriff's attack.
The ogre hits you with a +0 giant spiked club!!
* * * LOW HITPOINT WARNING * * *
You hit the ogre. You kick the ogre!
The ogre is almost dead.
You slash the hippogriff! You block the hippogriff's attack.
The hippogriff completely misses you. The hippogriff claws you.
You die...

...... ......
......##########
.>..............
................
................
......H.........
......O@........
.#######'####..
+..........#
#........<.#
#..........#
#######....#
#...## #...#
#....


You could see a hippogriff and an ogre.

Vanquished Creatures
  A hornet (D:6)
  Sigmund (D:2)
  Menkaure (D:5)
  A water moccasin (D:6)
  A sky beast (D:5)
  An ogre (D:5)
  A phantom (D:6)
  A bullfrog (D:6)
  A gnoll sergeant (D:5)
  A scorpion (D:4)
  2 hounds
  2 orc priests
  2 centaur skeletons (D:4)
  4 orc wizards
  A bullfrog skeleton (D:6)
  An iguana (D:4)
  Terence (D:2)
  2 worker ants
  A howler monkey zombie (D:6)
  5 gnolls
  8 adders
  A shadow imp (D:6)
  2 adder skeletons (D:4)
  4 worms
  2 dart slugs (D:1)
  3 leopard geckos
  13 orcs
  7 bats
  8 giant cockroaches
  6 goblins
  4 hobgoblins
  8 jackals
  10 kobolds
  3 quokkas
  2 ball pythons
  3 frilled lizards
  A jackal zombie (D:5)
  A leopard gecko skeleton (D:5)
  A leopard gecko zombie (D:5)
  A quokka skeleton (D:5)
  5 rats
124 creatures vanquished.

Notes
Turn   | Place    | Note
-------+----------+-------------------------------------------
     0 | D:1      | galech the Demonspawn Fighter began the quest for the Orb.
     0 | D:1      | Reached XP level 1. HP: 18/18 MP: 1/1
    61 | D:1      | Gained mutation: You have large cloven feet. [demonic
                  | ancestry]
    61 | D:1      | Reached XP level 2. HP: 15/24 MP: 2/2
   189 | D:1      | Reached skill level 2 in Axes
   850 | D:2      | Noticed Terence
   858 | D:2      | Gained mutation: You have hoof-like feet. [demonic
                  | ancestry]
   858 | D:2      | Reached XP level 3. HP: 25/29 MP: 3/3
   867 | D:2      | Killed Terence
   999 | D:2      | Reached XP level 4. HP: 24/35 MP: 4/4
  1487 | D:2      | Found a faded altar of an unknown god.
  1562 | D:2      | Noticed Sigmund
  1569 | D:2      | Killed Sigmund
  1569 | D:2      | Reached skill level 3 in Axes
  1569 | D:2      | Reached XP level 5. HP: 26/42 MP: 5/5
  1803 | D:3      | Reached XP level 6. HP: 48/48 MP: 6/6
  1976 | D:3      | Found a bloodstained altar of Trog.
  1977 | D:3      | Found a sparkling altar of Nemelex Xobeh.
  2030 | D:3      | Reached skill level 4 in Axes
  2062 | D:3      | Found a snail-covered altar of Cheibriados.
  2642 | D:3      | Found a shattered altar of Ashenzari.
  2642 | D:3      | Found a burning altar of Makhleb.
  2802 | D:4      | Gained mutation: You regenerate a little health from kills.
                  | [demonic ancestry]
  2802 | D:4      | Reached XP level 7. HP: 14/54 MP: 7/7
  3299 | D:4      | Got a brightly glowing lead amulet
  3330 | D:4      | Identified the amulet "Gini" {Acrobat rC+ MR+ Stlth+} (You
                  | found it on level 4 of the Dungeon)
  3352 | D:5      | Entered Level 5 of the Dungeon
  3492 | D:5      | Found a staircase to the Ecumenical Temple.
  3496 | D:5      | Noticed Menkaure
  3506 | D:5      | Killed Menkaure
  3506 | D:5      | Reached skill level 5 in Axes
  3518 | Temple   | Entered the Ecumenical Temple
  3542 | Temple   | Became a worshipper of Warmaster Okawaru
  4229 | D:5      | Reached skill level 1 in Dodging
  4676 | D:6      | Found a sacrificial altar of Ru.
  4727 | D:6      | Noticed a hornet
  4743 | D:6      | Killed a hornet
  4743 | D:6      | Reached XP level 8. HP: 29/61 MP: 8/8
  5069 | D:6      | Reached skill level 6 in Axes
  5082 | D:6      | Reached skill level 5 in Armour
  5108 | D:6      | Reached * piety under Okawaru
  5369 | D:5      | Reached skill level 5 in Fighting
  5390 | D:5      | Reached skill level 5 in Shields
  5415 | D:5      | Reached skill level 7 in Axes
  5581 | D:7      | Noticed a hippogriff
  5587 | D:7      | HP: 3/62 [ogre/+0 giant spiked club (23)]
  5588 | D:7      | Slain by a hippogriff

Vault maps used:
D:1:      nzn_arrival_settlement, corexii_hall_statues_u,
          chequers_serial_rivers_micro_e, wad_floor_pattern_1, minmay_vboxes
D:2:      chequers_ecumenical_altar_simple_redux, uniq_sigmund, uniq_terence
D:3:      nicolae_overflow_hidden_temple, fountainhead
D:4:      first_ration
D:5:      temple_fountains, uniq_menkaure
D:6:      nicolae_ru_awakened_eye
D:7:      serial_shops, shop, uniq_pikel
Temple:   regret_index_temple_sphere_string

Skill      XL: |  1  2  3  4  5  6  7  8 |
---------------+-------------------------+-----
Axes           | 2 3 4 5 7 |  7.0
Armour         | 3 4 5 |  5.4
Shields        | 3 4 5 |  5.0
Fighting       | 4 5 |  5.0
Dodging        | 1 |  1.4
Stealth        | |  0.3

Action                   |  1- 3 |  4- 6 |  7- 9 || total
-------------------------+-------+-------+-------++-------
Melee: War axe           |    73 |   193 |   203 ||   469
       Kick              |    19 |    48 |    59 ||   126
Invok: Heroism           |       |       |     2 ||     2
  Use: Scroll            |       |     6 |     1 ||     7
       Potion            |       |       |     1 ||     1
  Eat: Chunk             |       |     7 |     9 ||    16
Armor: Scale mail        |    49 |     1 |       ||    50
       Chain mail        |       |    95 |   110 ||   205
Dodge: Dodged            |    22 |    60 |    74 ||   156
Block: Shield            |    41 |    92 |   105 ||   238

Table legend:
 A = Non-vault XP
 B = Vault XP
 C = Vault XP percentage of total XP
 D = Non-vault monster count
 E = Vault monster count
 F = Vault count percentage of total count
                 A         B        C        D         E       F
            +---------+---------+-------+---------+---------+-------
      Total |    1958 |     452 |  18.8 |     118 |       6 |   4.8
            +---------+---------+-------+---------+---------+-------
        D:1 |      29 |       6 |  17.1 |      15 |       3 |  16.7
        D:2 |      60 |     274 |  82.0 |      20 |       2 |   9.1
        D:3 |     133 |       0 |   0.0 |      31 |       0 |   0.0
        D:4 |     393 |       0 |   0.0 |      18 |       0 |   0.0
        D:5 |     540 |     172 |  24.2 |      21 |       1 |   4.5
        D:6 |     803 |       0 |   0.0 |      13 |       0 |   0.0
            +---------+---------+-------+---------+---------+-------
